 Dungeon Crawl Stone Soup version 0.20.0-8-g6b59dc7 (webtiles) character file.

14534 ChaseSP the Cleaver (level 11, -2/100 HPs)
             Began as a Deep Dwarf Fighter on June 1, 2017.
             Was a High Priest of Makhleb.
             Slain by a 15-headed hydra (5 damage)
             ... on level 12 of the Dungeon on June 2, 2017.
             The game lasted 00:22:58 (10183 turns).

ChaseSP the Cleaver (Deep Dwarf Fighter)           Turns: 10183, Time: 00:22:58

Health: -2/100     AC: 15    Str: 22    XL:     11   Next: 90%
Magic:  12/12      EV: 12    Int: 12    God:    Makhleb [*****.]
Gold:   777        SH: 10    Dex: 17    Spells: 10/10 levels left

rFire    . . .     SeeInvis .   D - +5 war axe (freeze)
rCold    + + .     Gourm    .   c - +0 shield
rNeg     + . .     Faith    .   G - +5 ring mail of Vanity {rC+}
rPois    +         Spirit   .   (no helmet)
rElec    .         Reflect  .   I - +1 cloak {MR+}
rCorr    .         Harm     .   B - +1 pair of gloves
MR       ++...                  w - +0 pair of boots
Stlth    +.........             K - macabre finger necklace {rN+}
Regen    0.0/turn               A - ring of poison resistance
MPRegen  0.2/turn               a - +3 ring of slaying
                                J - +3 ring of intelligence

@: non-regenerating
A: damage resistance, heal wounds, agile 1, cold resistance 1, deformed body,
sense surroundings 2, strong 1, subdued magic 1, no regeneration
a: Heal Wounds, Minor Destruction, Lesser Servant of Makhleb, Major Destruction,
Greater Servant of Makhleb, Renounce Religion


You were on level 12 of the Dungeon.
You worshipped Makhleb.
Makhleb was extremely pleased with you.
You were not hungry.

You visited 2 branches of the dungeon, and saw 13 of its levels.
You also visited: Bailey.

You collected 1110 gold pieces.
You spent 333 gold pieces at shops.

Inventory:

Hand Weapons
 e - a +2 flail of holy wrath
 D - a +5 war axe of freezing (weapon)
Missiles
 q - 88 bolts
Armour
 c - a +0 shield (worn)
 w - a +0 pair of boots (worn)
 B - a +1 pair of gloves (worn)
 G - the +5 ring mail of Vanity (worn) {rC+}
   (You bought it in a shop on level 8 of the Dungeon)

   It protects you from cold.
 I - a +1 cloak of magic resistance (worn)
Jewellery
 a - a +3 ring of slaying (right hand)
 A - a ring of poison resistance (left hand)
 J - a +3 ring of intelligence (on amulet)
 K - the macabre finger necklace (around neck) {rN+}
   (You found it on level 11 of the Dungeon)

   [amulet of nothing]

   It protects you from negative energy.
Wands
 o - a wand of confusion (18/48)
 v - a wand of polymorph (17/24)
 H - a wand of scattershot (2/9)
 L - a wand of enslavement (19/24)
 M - a wand of flame (25/48)
 N - a wand of lightning (3/15)
Scrolls
 i - a scroll of enchant weapon
 j - a scroll of fear
 n - 3 scrolls of recharging
 r - 2 scrolls of blinking
 s - a scroll of fog
 t - 3 scrolls of remove curse
 x - a scroll of enchant armour
 y - a scroll of magic mapping
 C - 4 scrolls of teleportation
 E - 6 scrolls of identify
 F - a scroll of noise
 O - a scroll of vulnerability {unknown}
Potions
 b - a potion of resistance {unknown}
 d - a potion of ambrosia {unknown}
 k - 3 potions of cancellation {unknown}
 m - 7 potions of curing
 u - a potion of invisibility
 P - a potion of flight
Miscellaneous
 h - a lightning rod (inert)
Comestibles
 f - 8 bread rations
 g - 2 fruits
 l - 12 royal jellies
 p - 5 chunks of flesh
 z - 5 meat rations


   Skills:
 + Level 7.0 Fighting
 - Level 14.0 Axes
 * Level 9.4 Armour
 + Level 6.0 Dodging
 - Level 3.2 Shields
 + Level 8.5 Invocations
 + Level 4.7 Evocations


You had 10 spell levels left.
You didn't know any spells.

Dungeon Overview and Level Annotations

Branches:
Dungeon (12/15)            Temple (1/1) D:6            Lair (0/6) D:9
    Orc (0/2) D:9

Altars:
Ashenzari
Cheibriados
Dithmenos
Elyvilon
Fedhas
Gozag
Hepliaklqana
Kikubaaqudgha
Makhleb
Nemelex Xobeh
Okawaru
Qazlal
Ru
Sif Muna
Trog
Uskayaw
Vehumet
Xom
Yredelemnul
Zin
The Shining One

Shops:
D:4 [   D:6 %   D:8 [


Innate Abilities, Weirdness & Mutations

You are resistant to damage.
You can heal yourself by infusing magical energy.
You passively map the area around you.
You do not regenerate.
You are agile. (Dex +2)
Your flesh is cold resistant. (rC+)
Armour fits poorly on your strangely shaped body.
Your muscles are strong. (Str +2)
Your spells are a little easier to cast, but a little less powerful.


Message History

The 13-headed hydra bites you!
* * * LOW HITPOINT WARNING * * *
The 13-headed hydra bites you but does no damage.
You slice one of the 13-headed hydra's heads off!
The 12-headed hydra grows two more!
You hit the 14-headed hydra.
The 14-headed hydra seems to slow down.
You freeze the 14-headed hydra.
The 14-headed hydra is heavily wounded.
Unknown command.
You lop one of the 14-headed hydra's heads off!
The 13-headed hydra grows two more!
You slash the 15-headed hydra! You freeze the 15-headed hydra.
The 15-headed hydra is heavily wounded.
You block the 15-headed hydra's attack. x2
The 15-headed hydra bites you but does no damage.
The 15-headed hydra barely misses you.
The 15-headed hydra bites you but does no damage. x2
The 15-headed hydra bites you!
* * * LOW HITPOINT WARNING * * *
The 15-headed hydra bites you!
You die...

#...# * , ** #..(#
...#, * #...###### ,
...# *
#........#..#,*...#* *
###...####.#...,,... ,
,** .....)........#*
.. ,,, ,
..............# .# , *
..........>.#.###D# *
,*
###...####.##...@.## ,
* #........#.......# *
, #...######.......# *
###...### #.##.##....#
#.......# #)##.....#.#
#.#...#.# #.#####....#
* .....##.#
#.#####.#.## , ,
#....##.####.).....#.#
, *
..#..##.......#####..


You could see a 15-headed hydra.

Vanquished Creatures
  3 two-headed ogres
  Pikel (D:4)
  An ugly thing (D:11)
  Joseph (D:8)
  2 trolls
  Grinder (D:6)
  3 hippogriffs
  A hornet (D:8)
  Sigmund (D:3)
  10 yaks
  A wraith (D:12)
  Eustachio (D:5)
  2 humans
  A basilisk (D:12)
  4 hogs (D:7)
  A hungry ghost (D:11)
  2 wargs (D:9)
  3 orc warriors
  3 sky beasts
  A black bear (D:6)
  2 phantoms (D:6)
  3 ice beasts
  A necrophage (D:3)
  7 centaurs
  5 ogres
  7 big kobolds
  A bullfrog (D:7)
  A gnoll sergeant (D:5)
  2 wyvern zombies
  6 scorpions
  10 killer bees
  16 wights
  A howler monkey (D:5)
  4 electric eels (D:6)
  4 crimson imps
  A bullfrog zombie (D:5)
  A centaur zombie (D:12)
  9 orc priests
  5 hounds
  A gnoll shaman (D:8)
  Crazy Yiuf (D:2)
  4 jellies
  2 bullfrog skeletons
  5 iguanas
  7 orc wizards
  6 worker ants
  A killer bee zombie (D:9)
  A hound skeleton (D:7)
  9 gnolls
  A worker ant zombie (D:5)
  A howler monkey skeleton (D:5)
  16 adders
  A shadow imp (D:7)
  2 oozes (D:1)
  An adder skeleton (D:3)
  3 worms
  4 leopard geckos
  49 orcs
  5 giant cockroaches
  9 goblins
  22 hobgoblins
  4 jackals
  6 quokkas
  3 ball pythons
  6 bats
  6 frilled lizards
  A giant cockroach zombie (D:5)
  50 kobolds
  A leopard gecko skeleton (D:6)
  5 rats
362 creatures vanquished.

Vanquished Creatures (collateral kills)
  The ghost of case the Severer, a journeyman HuWn of Trog (D:12)
  A yak (D:12)
  An ogre (D:12)
  A big kobold (D:12)
  A kobold (D:12)
5 creatures vanquished.

Vanquished Creatures (others)
  A shadow imp (D:6)
  A quokka (D:7)
2 creatures vanquished.

Grand Total: 369 creatures vanquished

Notes
Turn   | Place    | Note
-------+----------+-------------------------------------------
     0 | D:1      | ChaseSP the Deep Dwarf Fighter began the quest for the Orb.
     0 | D:1      | Reached XP level 1. HP: 20/20 MP: 1/1
    74 | D:1      | Reached skill level 3 in Axes
    91 | D:1      | Reached XP level 2. HP: 22/27 MP: 2/2
   274 | D:1      | Reached XP level 3. HP: 18/33 MP: 3/3
   437 | D:1      | Reached skill level 4 in Axes
   670 | D:2      | Found a shadowy altar of Dithmenos.
   904 | D:2      | Found a runed door.
  1006 | D:2      | Noticed Crazy Yiuf
  1011 | D:2      | Killed Crazy Yiuf
  1011 | D:2      | Reached skill level 5 in Axes
  1011 | D:2      | Reached XP level 4. HP: 34/40 MP: 3/3
  1578 | D:3      | Reached XP level 5. HP: 35/46 MP: 4/4
  1635 | D:3      | Reached skill level 6 in Axes
  1664 | D:3      | Found a white marble altar of Elyvilon.
  1848 | D:3      | Noticed Sigmund
  1860 | D:3      | Killed Sigmund
  1860 | D:3      | Reached skill level 7 in Axes
  1860 | D:3      | Reached XP level 6. HP: 55/55 MP: 5/5
  2033 | D:3      | Reached skill level 8 in Axes
  2216 | D:4      | Found a shattered altar of Ashenzari.
  2218 | D:4      | Found a radiant altar of Vehumet.
  2245 | D:4      | Found a basalt altar of Yredelemnul.
  2286 | D:4      | Found Roaxev's Armour Shop.
  2294 | D:4      | Bought a +1 pair of gloves for 126 gold pieces
  2325 | D:4      | Reached XP level 7. HP: 35/60 MP: 6/6
  2728 | D:4      | Noticed Pikel
  2740 | D:4      | Killed Pikel
  2740 | D:4      | Reached skill level 10 in Axes
  2740 | D:4      | Reached XP level 8. HP: 55/68 MP: 7/7
  2778 | D:5      | Entered Level 5 of the Dungeon
  2917 | D:5      | Found a bloodstained altar of Trog.
  2947 | D:5      | Reached skill level 11 in Axes
  3021 | D:5      | Gained mutation: Your muscles are strong. (Str +2) [mutagenic meat]
  3023 | D:5      | Gained mutation: Your flesh is cold resistant. (rC+) [mutagenic meat]
  3024 | D:5      | Gained mutation: Your spells are a little easier to cast, but a little less powerful. [mutagenic meat]
  3025 | D:5      | Gained mutation: Armour fits poorly on your strangely shaped body. [mutagenic meat]
  3026 | D:5      | Gained mutation: You are agile. (Dex +2) [mutagenic meat]
  3310 | D:5      | Noticed Eustachio
  3344 | D:5      | Killed Eustachio
  3355 | D:5      | Reached skill level 12 in Axes
  3355 | D:5      | Gained mutation: You passively map the area around you. [Deep Dwarf growth]
  3355 | D:5      | Reached XP level 9. HP: 32/79 MP: 8/8
  3455 | D:5      | Found a glowing silver altar of Zin.
  3644 | D:5      | Found a hazy altar of Hepliaklqana.
  3816 | D:6      | Found an iron altar of Okawaru.
  3907 | D:6      | Found a staircase to the Ecumenical Temple.
  3920 | Temple   | Entered the Ecumenical Temple
  4081 | Temple   | Became a worshipper of Makhleb the Destroyer
  4304 | D:6      | Noticed Grinder
  4319 | D:6      | Paralysed by Grinder for 5 turns
  4325 | D:6      | Paralysed by Grinder for 5 turns
  4341 | D:6      | Killed Grinder
  4341 | D:6      | Reached skill level 5 in Fighting
  4404 | D:6      | Reached * piety under Makhleb
  4527 | D:6      | Reached skill level 13 in Axes
  4594 | D:6      | Reached ** piety under Makhleb
  4791 | D:6      | Reached skill level 1 in Invocations
  5117 | D:6      | Found Eraidui's Food Emporium.
  5255 | D:6      | Reached skill level 5 in Armour
  5425 | D:6      | Found an iron altar of Okawaru.
  5503 | D:6      | Found a blossoming altar of Fedhas.
  5714 | D:7      | Reached XP level 10. HP: 73/88 MP: 8/8
  5780 | D:7      | Found a shadowy altar of Dithmenos.
  5825 | D:7      | Found a white marble altar of Elyvilon.
  5967 | D:7      | Reached skill level 1 in Dodging
  6252 | D:7      | Reached skill level 14 in Axes
  6531 | D:8      | Found a flagged portal.
  6595 | D:8      | Reached skill level 5 in Invocations
  6601 | D:8      | Found Cutsyf's Antique Armour Shop.
  6606 | D:8      | Bought a jewelled ring mail for 207 gold pieces
  6616 | D:8      | Identified the +5 ring mail of Vanity {rC+} (You bought it in a shop on level 8 of the Dungeon)
  6685 | D:8      | Noticed Joseph
  6715 | D:8      | Killed Joseph
  6715 | D:8      | Reached *** piety under Makhleb
  6873 | D:8      | Found a snail-covered altar of Cheibriados.
  6977 | Bailey   | Entered a bailey
  7222 | Bailey   | Identified The Second Course in Casting
  7359 | D:8      | Found an iron altar of Okawaru.
  7392 | D:8      | Noticed a two-headed ogre
  7402 | D:8      | Killed a two-headed ogre
  7474 | D:8      | Found a stormy altar of Qazlal.
  7520 | D:8      | Reached **** piety under Makhleb
  7979 | D:9      | Found a staircase to the Lair.
  8043 | D:9      | Reached XP level 11. HP: 91/97 MP: 11/11
  8072 | D:9      | Reached skill level 1 in Evocations
  8096 | D:9      | Found a staircase to the Orcish Mines.
  8252 | D:9      | Found an ancient bone altar of Kikubaaqudgha.
  8448 | D:10     | Entered Level 10 of the Dungeon
  8947 | D:10     | Found a burning altar of Makhleb.
  9403 | D:11     | Noticed a two-headed ogre
  9410 | D:11     | Killed a two-headed ogre
  9410 | D:11     | Reached skill level 5 in Dodging
  9448 | D:11     | Noticed a brown ugly thing
  9457 | D:11     | Killed a brown ugly thing
  9491 | D:11     | Reached ***** piety under Makhleb
  9883 | D:12     | Noticed case's ghost (journeyman HuWn)
  9906 | D:12     | Killed case's ghost
 10116 | D:12     | Noticed a two-headed ogre
 10123 | D:12     | Killed a two-headed ogre
 10171 | D:12     | Noticed a seven-headed hydra
 10183 | D:12     | HP: 3/100 [15-headed hydra (11)]
 10183 | D:12     | Slain by a 15-headed hydra

Skill      XL: |  1  2  3  4  5  6  7  8  9 10 11 |
---------------+----------------------------------+-----
Axes           | 3 5 7 8 10 12 13 14 | 14.0
Fighting       | 4 5 6 7 |  7.0
Armour         | 5 7 9 |  9.4
Invocations    | 3 6 8 |  8.5
Dodging        | 4 6 |  6.0
Evocations     | 4 |  4.7
Shields        | |  3.2

Action                   |  1- 3 |  4- 6 |  7- 9 | 10-12 || total
-------------------------+-------+-------+-------+-------++-------
Melee: War axe           |   121 |   166 |   458 |   515 ||  1260
Invok: Lesser Servant of |       |       |       |     4 ||     4
 Abil: Heal Wounds       |     1 |     1 |    17 |     8 ||    27
Evoke: Lightning rod     |       |       |       |     4 ||     4
  Use: Potion            |       |     1 |    10 |     1 ||    12
       Scroll            |       |       |     8 |     7 ||    15
 Stab: Invisible         |       |       |     1 |       ||     1
       Distracted        |       |       |       |     1 ||     1
  Eat: Chunk             |     1 |     4 |    17 |    16 ||    38
Armor: Scale mail        |    30 |       |       |       ||    30
       Chain mail        |    25 |    71 |   185 |    50 ||   331
       Skin              |       |       |    36 |       ||    36
       Ring mail         |       |       |       |   120 ||   120
Dodge: Dodged            |    35 |    42 |    91 |   178 ||   346
Block: Shield            |    52 |    75 |   215 |   280 ||   622
